AoeStats
← alexisvaldezgervacio8

MegaRandom

510260521Analyzed
2v2 RM · 20h ago on Sep 30, 2026· 46m 25s· 4 players
Game mode
Random Map
Map size
Medium (4 player)
Population
200
Speed
Normal
Resources
Standard
Victory
Conquest
Starting age
Dark Age
Ending age
Imperial Age
RankedLock teamsTeams togetherTeam positionsShared explorationLock speedFull tech treeHidden civsTurbo modeCheats
Victory
Defeat
🇺🇸 Burgundians · United States
1094
+13
1082
+13
🇺🇸 Saxons · United States
1031
-13
🇺🇸 Magyars · United States
1028
-13
O.Bender
5:21 Double-Bit Axe
10:46 Feudal Age
10:36 Gold Mining
13:51 Forging
13:42 Scale Mail Armor
16:38 Horse Collar
18:41 Loom
18:55 Arson
21:17 Castle Age
20:43 Scale Barding Armor
20:58 Bow Saw
22:00 Gold Shaft Mining
22:43 Cavalier
26:41 Chain Barding Armor
30:32 Town Watch
31:22 Wheelbarrow
32:04 Heavy Plow
33:52 Town Patrol
35:02 Iron Casting
34:18 Fletching
36:10 Two-Man Saw
35:06 Stone Mining
39:25 Bodkin Arrow
43:32 Imperial Age
41:57 Ballistics
42:40 Chain Mail Armor
45:35 Chemistry
alexisvaldezgervacio8
7:23 Loom
9:59 Feudal Age
19:55 Castle Age
17:52 Double-Bit Axe
19:29 Wheelbarrow
31:56 Bow Saw
35:42 Imperial Age
35:24 Bloodlines
35:15 Husbandry
35:34 Fletching
35:54 Forging
35:50 Scale Barding Armor
36:46 Conscription
36:32 Gold Mining
36:32 Stone Mining
39:00 Ballistics
39:20 Bodkin Arrow
40:00 Iron Casting
39:44 Horse Collar
41:02 Stone Shaft Mining
39:52 Elite Jarl
41:12 Murder Holes
41:22 Siege Engineers
42:16 Vendel Legacy
43:32 Bracer
44:32 Blast Furnace
43:54 Chain Barding Armor
44:50 Two-Man Saw
45:03 Padded Archer Armor
44:48 Gothikon
47:02 Hand Cart
GJBrannock
9:50 Loom
12:54 Feudal Age
17:53 Castle Age
16:45 Bloodlines
19:02 Horse Collar
19:10 Double-Bit Axe
21:53 Bow Saw
29:24 Corvinian Army
29:58 Husbandry
35:30 Scale Barding Armor
37:02 Chain Barding Armor
39:48 Heavy Plow
40:56 Wheelbarrow
40:12 Town Watch
43:04 Imperial Age
44:26 Conscription
43:38 Elite Magyar Huszar
44:57 Plate Barding Armor
45:05 Hand Cart
44:50 Town Patrol
The Gobbler
7:28 Loom
9:52 Feudal Age
10:25 Double-Bit Axe
10:24 Horse Collar
25:45 Castle Age
26:55 Fletching
39:19 Clerical Recruitment
41:10 Bodkin Arrow
43:08 Scale Mail Armor
44:48 Wheelbarrow
44:30 Redemption
44:39 Forging
48:53 Imperial Age
Connection lost

Rejoining the realm…

Still unreachable

The connection could not be restored.

Session expired

The server has moved on; the page needs a fresh start.